 Dungeon Crawl Stone Soup version 0.22-a0-565-gfc6459a (webtiles) character file.

8659 sleepydude the Cleaver (level 11, -2/101 HPs)
             Began as a Minotaur Berserker on June 28, 2018.
             Was a High Priest of Trog.
             Slain by Sonja
             ... wielding a +0 dagger of distortion
              (22 damage)
             ... on level 10 of the Dungeon.
             The game lasted 00:21:05 (9109 turns).

sleepydude the Cleaver (Minotaur Berserker)         Turns: 9109, Time: 00:21:05

Health: -2/101     AC: 21    Str: 24    XL:     11   Next: 12%
Magic:  10/10      EV: 11    Int:  4    God:    Trog [*****.]
Gold:   544        SH: 11    Dex: 11    Spells: 10/10 levels left

rFire    . . .     SeeInvis .   F - +2 hand axe (chop)
rCold    . . .     Gourm    .   I - +0 shield
rNeg     + . .     Faith    .   b - +1 chain mail {rN+}
rPois    .         Spirit   .   (helmet restricted)
rElec    .         Reflect  .   D - +2 cloak
rCorr    +         Harm     .   (no gloves)
MR       .....                  y - +0 pair of boots
Stlth    ..........             (no amulet)
HPRegen  0.26/turn              p - +4 ring of protection
MPRegen  0.12/turn              a - ring of resist corrosion

@: lethally poisoned (-2 -> -7), berserk cooldown, slowed, very slow
A: retaliatory headbutt, horns 2
a: Berserk, Trog's Hand, Brothers in Arms, Renounce Religion


You were on level 10 of the Dungeon.
You worshipped Trog.
Trog was extremely pleased with you.
You were very hungry.

You visited 1 branch of the dungeon, and saw 10 of its levels.
You also visited: Sewer.

You collected 544 gold pieces.

Inventory:

Hand Weapons
 r - a +0 war axe
 F - a +2 hand axe of chopping (weapon)
 L - a +4 flail
Armour
 b - a +1 chain mail of positive energy (worn)
 y - a +0 pair of boots (worn)
 D - a +2 cloak (worn)
 I - a +0 shield (worn)
Jewellery
 a - a ring of resist corrosion (right hand)
 p - a +4 ring of protection (left hand)
 M - an uncursed ring of protection from fire {unknown}
Wands
 u - a wand of digging (17)
 J - a wand of acid (8)
Scrolls
 d - 8 scrolls of remove curse {@r2}
 e - 15 scrolls of identify {@r1}
 g - 2 scrolls of enchant armour {unknown}
 i - a scroll of immolation {unknown}
 o - a scroll of fog {unknown}
 s - 4 scrolls of amnesia {unknown}
 t - 2 scrolls of enchant weapon {unknown}
 w - 4 scrolls of fear {unknown}
 z - a scroll of random uselessness {unknown}
 A - a scroll of noise {unknown}
 B - a scroll of blinking {unknown}
 E - a scroll of teleportation {unknown}
 H - a scroll of holy word {unknown}
Potions
 h - a potion of invisibility {unknown}
 j - a potion of heal wounds
 k - 2 potions of resistance {unknown}
 l - 2 potions of curing {@q1}
 m - 2 potions of agility
 n - 2 potions of ambrosia {unknown}
 q - 3 potions of lignification {unknown}
 v - a potion of berserk rage {unknown}
 x - a potion of degeneration {unknown}
 C - 2 potions of flight {unknown}
 G - a potion of might {unknown}
 K - a potion of haste {unknown}
Comestibles
 c - 17 rations


   Skills:
 + Level 10.5 Fighting
 + Level 10.5 Axes
 + Level 9.9 Armour
 + Level 9.2 Dodging
 + Level 6.7 Shields


You had 10 spell levels left.
You didn't know any spells.
Your spell library was empty.

Dungeon Overview and Level Annotations

Branches:
Dungeon (10/15)            Temple (0/1) D:7
   Lair: D:8-11         Orc: D:9-12

Altars:
Elyvilon
Hepliaklqana
Okawaru
Xom
Yredelemnul

Shops:
D:6 }

Annotations:
D:10 Sonja


Innate Abilities, Weirdness & Mutations

You reflexively headbutt those who attack you in melee.
You have a pair of horns on your head.


Message History

You block Sonja's attack. Sonja hits you but does no damage.
You blink.
You feel sick.
Sonja unwields an uncursed dagger of distortion.
Its appearance distorts for a moment.
Sonja wields an uncursed blowgun.
Sonja shoots a curare-tipped needle.
The curare-tipped needle hits you.
You are more poisoned.
You have difficulty breathing.
* * * LOW HITPOINT WARNING * * *
You feel as though you will be slow longer.
You see here a curare-tipped needle.
You feel sick.
Sonja mumbles some strange words.
Sonja blinks!
You feel sick.
You feel sick.
You feel sick.
Sonja unwields an uncursed blowgun.
Sonja wields an uncursed dagger of distortion.
Its appearance distorts for a moment.
Sonja closely misses you. Sonja hits you but does no damage.
Space warps horribly around you!
You die...

.#...........
............
...........
#..........
#.........
#.....# ## #..(.#
#.. ##<..##
....#####..@K##
..............#
.........(....#
#........###....#
##......##
###..... #......#
#..$.# ##..###.
#...# #.# # ###.
##


You could see Sonja.

Vanquished Creatures
  A fire dragon (D:8)
  2 two-headed ogres
  A death knight (D:8)
  An unseen horror (D:8)
  A deep elf mage (D:8)
  Joseph (D:8)
  Prince Ribbit (D:5)
  A hornet (D:8)
  A hippogriff (D:5)
  Eustachio (D:5)
  2 soldier ants (D:8)
  2 phantoms
  2 sky beasts
  3 orc warriors
  5 ogres
  A boggart (shapeshifter) (D:8)
  3 centaurs
  A crocodile (Sewer)
  7 bullfrogs
  2 big kobolds
  2 gnoll sergeants (D:8)
  A water moccasin zombie (D:8)
  2 scorpions
  2 howler monkeys
  5 crimson imps
  A centaur zombie (D:8)
  A bullfrog zombie (D:7)
  6 orc priests
  3 centaur skeletons
  Crazy Yiuf (D:5)
  A hound (D:8)
  8 orc wizards
  2 iguanas
  8 worker ants
  2 hound zombies
  2 worker ant zombies
  11 gnolls
  11 adders
  A shadow imp (D:8)
  2 oozes
  An adder skeleton (D:8)
  3 worms
  4 dart slugs
  7 leopard geckos
  24 orcs
  5 ball pythons
  6 bats
  12 giant cockroaches
  9 hobgoblins
  10 jackals
  15 kobolds
  3 quokkas
  6 frilled lizards
  4 goblins
  A quokka zombie (D:8)
  6 rats
227 creatures vanquished.

Notes
Turn   | Place    | Note
-------+----------+-------------------------------------------
     0 | D:1      | sleepydude the Minotaur Berserker began the quest for the Orb.
     0 | D:1      | Reached XP level 1. HP: 19/19 MP: 0/0
    20 | D:1      | Reached XP level 2. HP: 5/27 MP: 1/1
   590 | D:1      | Reached XP level 3. HP: 32/33 MP: 2/2
   691 | D:1      | Reached ** piety under Trog
   980 | D:2      | Noticed a bullfrog
   987 | D:2      | Killed a bullfrog
   987 | D:2      | Reached XP level 4. HP: 35/41 MP: 3/3
  1419 | D:2      | Reached XP level 5. HP: 47/47 MP: 4/4
  1818 | D:2      | You fall through a shaft!
  1848 | D:3      | Reached skill level 5 in Axes
  1913 | D:3      | Reached skill level 5 in Fighting
  1915 | D:3      | Reached *** piety under Trog
  2010 | D:3      | Found a glowing drain.
  2029 | Sewer    | Entered a sewer
  2057 | Sewer    | Noticed a crocodile
  2065 | Sewer    | Killed a crocodile
  2065 | Sewer    | Reached XP level 6. HP: 56/56 MP: 5/5
  2486 | D:4      | Found a shimmering altar of Xom.
  2486 | D:4      | Found a shimmering altar of Xom.
  2486 | D:4      | Found a shimmering altar of Xom.
  2488 | D:4      | Found a shimmering altar of Xom.
  3029 | D:5      | Entered Level 5 of the Dungeon
  3063 | D:5      | Noticed Eustachio
  3073 | D:5      | Reached XP level 7. HP: 62/62 MP: 6/6
  3081 | D:5      | Killed Eustachio
  3081 | D:5      | Reached skill level 5 in Armour
  3122 | D:5      | Noticed Prince Ribbit
  3649 | D:5      | Reached skill level 5 in Dodging
  3716 | D:5      | Killed Prince Ribbit
  3716 | D:5      | Reached XP level 8. HP: 71/71 MP: 7/7
  3802 | D:5      | Found a runed door.
  3806 | D:5      | Noticed Crazy Yiuf
  3811 | D:5      | Killed Crazy Yiuf
  4117 | D:5      | Noticed a hippogriff
  4123 | D:5      | Killed a hippogriff
  4644 | D:5      | Upgraded the game from 0.22-a0-558-gc224181 to 0.22-a0-565-gfc6459a
  4709 | D:6      | Reached **** piety under Trog
  4844 | D:6      | Found a hazy altar of Hepliaklqana.
  4997 | D:6      | Found Zecin's Gadget Shop.
  5296 | D:6      | Reached XP level 9. HP: 81/81 MP: 8/8
  5683 | D:6      | Reached skill level 1 in Shields
  5845 | D:7      | Found a staircase to the Ecumenical Temple.
  6263 | D:8      | Received a gift from Trog
  6347 | D:8      | Noticed a two-headed ogre
  6347 | D:8      | Noticed Joseph
  6358 | D:8      | Killed a two-headed ogre
  6365 | D:8      | Killed Joseph
  6438 | D:8      | Reached XP level 10. HP: 74/91 MP: 9/9
  6780 | D:8      | Killed an unseen horror
  6780 | D:8      | Reached skill level 5 in Shields
  7115 | D:8      | Noticed a deep elf mage
  7115 | D:8      | Noticed a two-headed ogre
  7115 | D:8      | Noticed a death knight
  7136 | D:7      | Killed a two-headed ogre
  7249 | D:8      | Killed a deep elf mage
  7353 | D:8      | Killed a death knight
  7353 | D:8      | Reached skill level 10 in Fighting
  7353 | D:8      | Reached skill level 10 in Axes
  7564 | D:8      | Found a large runed door.
  7565 | D:8      | Found a large runed door.
  7581 | D:8      | Found an iron altar of Okawaru.
  7592 | D:8      | Found a basalt altar of Yredelemnul.
  7592 | D:8      | Noticed a fire dragon
  7606 | D:8      | Killed a fire dragon
  8060 | D:8      | Reached XP level 11. HP: 84/101 MP: 10/10
  8559 | D:9      | Found an iron altar of Okawaru.
  8563 | D:9      | Reached ***** piety under Trog
  8590 | D:9      | Found a white marble altar of Elyvilon.
  8807 | D:10     | Entered Level 10 of the Dungeon
  8807 | D:10     | Noticed Sonja
  9109 | D:10     | Slain by Sonja

Vault maps used:
D:1:      lightli_arrival_flooded_house
D:3:      portal_sewer_entry_f
D:4:      xom_redecorated, kennysheep_generic_room_8
D:5:      first_ration, uniq_eustachio, uniq_crazy_yiuf_cottage,
          uniq_prince_ribbit1
D:6:      old_standard_altar, serial_shops, shop
D:7:      temple_pool_b, serial_corexii_hall, corexii_hall_statues_l,
          corexii_hall_statues_l
D:8:      hangedman_pestilent_swarm, jmf_multi_god_temple2, uniq_joseph
D:9:      grunt_temple_overflow_open
D:10:     lair_entry_dummy, hiddenorc2_lemuel, uniq_josephine, uniq_nergalle,
          uniq_maurice, uniq_sonja
Sewer:    sewer_big_baddie

Skill      XL: |  1  2  3  4  5  6  7  8  9 10 |
---------------+-------------------------------+-----
Fighting       | 4 5 6 8 9 10 | 10.5
Axes           | 4 5 6 8 9 10 | 10.5
Armour         | 3 4 5 7 8 9 |  9.9
Dodging        | 3 4 5 6 7 9 |  9.2
Shields        | 4 6 |  6.7

Action                   |  1- 3 |  4- 6 |  7- 9 | 10-12 || total
-------------------------+-------+-------+-------+-------++-------
Melee: Hand axe          |    60 |    28 |   175 |   190 ||   453
       Headbutt          |     8 |    18 |    48 |    39 ||   113
       War axe           |       |   113 |    81 |       ||   194
Invok: Berserk           |     2 |     1 |     8 |     6 ||    17
  Use: Scroll            |       |       |     2 |       ||     2
       Potion            |       |       |       |     1 ||     1
  Eat: Chunk             |       |     6 |    11 |     3 ||    20
       Ration            |       |     1 |     2 |     3 ||     6
Armor: Animal skin       |     2 |       |       |       ||     2
       Scale mail        |    16 |    56 |    91 |    55 ||   218
       Chain mail        |       |       |       |    23 ||    23
Dodge: Dodged            |    23 |    98 |   136 |    60 ||   317
Block: Shield            |       |       |    45 |    74 ||   119

Table legend:
 A = Spawn XP
 B = Non-spawn XP
 C = Spawn XP percentage of total XP
 D = Spawn monster count
 E = Non-spawn monster count
 F = Spawn count percentage of total count
 G = Total turns spent on level
                    A         B        C        D         E        F      G
               +---------+---------+-------+---------+---------+-------+---------
         Total |       0 |   12370 |   0.0 |       0 |     227 |   0.0 |  9109
               +---------+---------+-------+---------+---------+-------+---------
           D:1 |       0 |      52 |   0.0 |       0 |      20 |   0.0 |   972
           D:2 |       0 |     155 |   0.0 |       0 |      21 |   0.0 |   886
           D:3 |       0 |     100 |   0.0 |       0 |      29 |   0.0 |   419
           D:4 |       0 |     272 |   0.0 |       0 |      12 |   0.0 |   984
           D:5 |       0 |    1384 |   0.0 |       0 |      22 |   0.0 |  1306
           D:6 |       0 |     922 |   0.0 |       0 |      20 |   0.0 |  1109
           D:7 |       0 |    1569 |   0.0 |       0 |      23 |   0.0 |   570
           D:8 |       0 |    6705 |   0.0 |       0 |      55 |   0.0 |  1797
           D:9 |       0 |    1096 |   0.0 |       0 |      19 |   0.0 |   930
         Sewer |       0 |     115 |   0.0 |       0 |       6 |   0.0 |   119
               +---------+---------+-------+---------+---------+-------+---------
